AoeStats
← 精锐蒙古突骑

Arena

510293571Analyzed
2v2 RM · 1d ago on Sep 30, 2026· 26m 51s· 4 players
Game mode
Random Map
Map size
Medium (4 player)
Population
200
Speed
Normal
Resources
Standard
Victory
Conquest
Starting age
Dark Age
Ending age
Imperial Age
RankedLock teamsTeams togetherTeam positionsShared explorationLock speedFull tech treeHidden civsTurbo modeCheats
Victory
Defeat
🇦🇷 Celts · Argentina
1323
+14
1322
+14
🇪🇪 Khitans · Estonia
1277
-15
🇵🇪 Turks · Peru
1262
-13
Nico
10:33 Feudal Age
14:34 Castle Age
13:52 Double-Bit Axe
13:47 Domestication
19:13 Forging
22:54 Wheelbarrow
25:02 Bow Saw
24:52 Pastoralism
25:16 Loom
25:47 Hand Cart
26:40 Iron Casting
26:05 Scale Mail Armor
25:59 Fletching
26:09 Padded Archer Armor
Rasec
11:39 Feudal Age
12:48 Double-Bit Axe
16:04 Castle Age
14:18 Gold Mining
21:13 Imperial Age
19:06 Horse Collar
20:37 Town Watch
20:38 Loom
21:29 Wheelbarrow
我没医保我不上
11:29 Feudal Age
13:28 Double-Bit Axe
15:52 Castle Age
14:12 Horse Collar
14:54 Loom
15:34 Loom
17:33 Bow Saw
22:08 Wheelbarrow
23:25 Gold Mining
23:47 Heavy Plow
24:40 Scale Mail Armor
25:44 Gold Shaft Mining
24:58 Town Watch
26:24 Hand Cart
26:26 Stone Mining
精锐蒙古突骑
4:14 Double-Bit Axe
10:33 Feudal Age
14:35 Castle Age
12:51 Horse Collar
13:45 Bow Saw
19:25 Wheelbarrow
19:19 Gold Mining
19:06 Cavalier
22:04 Husbandry
22:14 Scale Barding Armor
23:30 Hand Cart
24:19 Forging
24:20 Light Cavalry
25:58 Iron Casting
25:46 Chain Barding Armor
26:09 Gold Shaft Mining
27:14 Iron Casting
Connection lost

Rejoining the realm…

Still unreachable

The connection could not be restored.

Session expired

The server has moved on; the page needs a fresh start.